 Dungeon Crawl Stone Soup version 0.23.2-40-g277498a001 (webtiles) character file.

Game seed: 1964118110362269337

27 DildoBatman the Magician (level 3, 0/24 HPs)
             Began as a Formicid Wizard on Sept 29, 2019.
             Hit by a stone thrown by a hobgoblin (3 damage)
             ... on level 1 of the Dungeon.
             The game lasted 00:02:20 (1003 turns).

DildoBatman the Magician (Formicid Wizard)          Turns: 1003, Time: 00:02:20

Health: 0/24       AC:  2    Str: 11    XL:     3   Next: 25%
Magic:  0/7        EV: 12    Int: 18    God:
Gold:   42         SH:  0    Dex:  9    Spells: 1/8 levels left

rFire    . . .     SeeInvis +   e - +0 club
rCold    . . .     Gourm    .   (no shield)
rNeg     . . .     Faith    .   a - +0 robe
rPois    .         Spirit   .   (helmet unavailable)
rElec    .         Reflect  .   (no cloak)
rCorr    .         Harm     .   (no gloves)
MR       .....                  (no boots)
Stlth    ++........             (no amulet)
HPRegen  0.08/turn              (no ring)
MPRegen  0.10/turn              (no ring)

@: no status effects
A: permanent stasis, dig shafts and tunnels, four strong arms, antennae 3
a: Dig, Shaft Self


You were on level 1 of the Dungeon.
You were not hungry.

You visited 1 branch of the dungeon, and saw 1 of its levels.

You collected 42 gold pieces.

Inventory:

Hand Weapons
 e - a +0 club (weapon)
Missiles
 b - 20 stones (quivered)
Armour
 a - a +0 robe (worn)
 h - a +0 large shield
Scrolls
 d - 2 scrolls of identify {unknown}
 g - a scroll of blinking {unknown}
Potions
 f - a potion of degeneration {unknown}
Comestibles
 v - a ration


   Skills:
 - Level 1.7 Dodging
 - Level 2.4 Stealth
 - Level 3.2 Spellcasting
 * Level 2.6 Conjurations
   Level 1.0 Summonings
   Level 0.8 Translocations


You had one spell level left.
You knew the following spells:

 Your Spells              Type           Power        Failure   Level  Hunger
a - Conjure Flame         Conj/Fire      #.......     28%         3    ###....
c - Magic Dart            Conj           ##..         5%          1    None
e - Mephitic Cloud        Conj/Pois/Air  #.......     32%         3    ###....

Your spell library contained the following spells:

 Spells                   Type           Power        Failure   Level  Hunger
 Call Imp                 Summ           #.......     16%         2    ##.....
 Slow                     Hex            #.......     24%         2    ##.....
 Blink                    Tloc           Unusable     N/A         2    N/A

Dungeon Overview and Level Annotations

Branches:
Dungeon (1/15)

Altars:


Innate Abilities, Weirdness & Mutations

You cannot be hasted, slowed, berserked, paralysed or teleported.
You can dig through walls and to a lower floor.
Your four strong arms can wield two-handed weapons with a shield.
You have a pair of large antennae on your head. (SInv)


Message History

The hobgoblin throws a stone.
The stone hits you.
You see here 2 stones.
The hobgoblin throws a stone.
The stone misses you.
The hobgoblin throws a stone.
The stone hits you.
You see here 4 stones.
The hobgoblin throws a stone.
The stone hits you but does no damage.
You see here a stone.
Throwing (i - inventory)
b - 21 stones (quivered)
Press: ? - help, Shift-Dir - straight line, f/p - hobgoblin
Aim: a hobgoblin, wielding a +0 club (heavily wounded)
You throw a stone. The stone hits the hobgoblin.
The hobgoblin is severely wounded.
The hobgoblin throws a stone.
The stone hits you.
You die...

..............# .##.÷.........#
.###..........# # .# #..........#
)S .###.>........# ########.##
..##..........# #.[.......#
#.##..........# #.........#
#.##.÷........#########..........
#.###.##.......(@(.(((g.........(
#>.........^.....................
#.#.#############################
#.#.# ####### #.#.#
#.....################### #.#.#
#.....'.................. #.#.#
#.....##########'########
#.#.#######'### ###.### .......#
#.# #.....#


You could see a hobgoblin.

Vanquished Creatures
  2 dart slugs (D:1)
  3 goblins (D:1)
  4 hobgoblins (D:1)
  A jackal (D:1)
  A kobold (D:1)
  A ball python (D:1)
  5 bats (D:1)
  A frilled lizard (D:1)
  5 rats (D:1)
23 creatures vanquished.

Notes
Turn   | Place    | Note
-------+----------+-------------------------------------------
     0 | D:1      | DildoBatman the Formicid Wizard began the quest for the
                  | Orb.
     0 | D:1      | Reached XP level 1. HP: 13/13 MP: 4/4
    94 | D:1      | Reached skill level 1 in Conjurations
   239 | D:1      | Reached XP level 2. HP: 5/19 MP: 0/6
   806 | D:1      | Reached XP level 3. HP: 24/24 MP: 4/7
   811 | D:1      | Learned a level 3 spell: Conjure Flame
   815 | D:1      | Learned a level 3 spell: Mephitic Cloud
  1003 | D:1      | Hit by a stone thrown by a hobgoblin

Skill      XL: |  1  2 |
---------------+-------+-----
Conjurations   | 1 2 |  2.6
Dodging        | |  1.7
Stealth        | |  2.4
Spellcasting   | |  3.2
Summonings     | |  1.0
Translocations | |  0.8

Action                   || total
-------------------------++-------
Melee: Unarmed           ||     9
       Club              ||    10
Throw: Stone             ||     1
 Cast: Magic Dart        ||    60
Armor: Robe              ||    13
Dodge: Dodged            ||    42
